 Dungeon Crawl Stone Soup version 0.28-a0-697-g47f3eba078 (webtiles) character file.

Game seed: 9965833869381955042

408 KoroneIsBestGirl the Skirmisher (level 6, -13/56 HPs)
             Began as a Hill Orc Fighter on Oct 24, 2021.
             Was an Initiate of Gozag.
             Mangled by a shadow (24 damage)
             ... created by the darkness of Dithmenos
             ... on level 4 of the Dungeon.
             The game lasted 00:05:53 (4367 turns).

KoroneIsBestGirl the Skirmisher (Hill Orc Fighter)  Turns: 4367, Time: 00:05:54

Health: -13/56     AC:  7    Str: 21    XL:     6   Next: 88%
Magic:  6/6        EV:  9    Int:  8    God:    Gozag
Gold:   163        SH:  5    Dex: 10    Spells: 5/5 levels left

rFire   . . .      SeeInvis .   a - +0 war axe
rCold   . . .      Faith    .   c - +0 buckler
rNeg    . . .      Spirit   .   b - +0 scale mail
rPois   .          Reflect  .   (no helmet)
rElec   .          Harm     .   (no cloak)
rCorr   .          Rampage  .   (no gloves)
Will    .....                   (no boots)
Stlth   ..........              (no amulet)
HPRegen 0.18/turn               (no ring)
MPRegen 0.10/turn               (no ring)

@: no status effects
A: no striking features
a: Renounce Religion, Potion Petition, Call Merchant, Bribe Branch


You were on level 4 of the Dungeon.
You worshipped Gozag.
Gozag was aware of your devotion.
You visited 2 branches of the dungeon, and saw 6 of its levels.

You collected 228 gold pieces.
You spent 27 gold pieces at shops.
You paid 38 gold pieces to Gozag.

Inventory:

Hand Weapons
 a - a +0 war axe (weapon)
Armour
 b - a +0 scale mail (worn)
 c - a +0 buckler (worn)
Jewellery
 n - an amulet of regeneration
Wands
 o - a wand of iceblast (20)
Scrolls
 f - a scroll of teleportation
 g - a scroll of holy word
 l - 2 scrolls of fog {unknown}
 q - a scroll of vulnerability
Potions
 e - 3 potions of lignification
 h - a potion of berserk rage {unknown}
 i - a potion of haste {unknown}
 j - a potion of curing {unknown}
 m - a potion of cancellation {unknown}
 p - a potion of ambrosia {unknown}


   Skills:
 + Level 5.5 Fighting
 + Level 5.1 Axes
 + Level 4.9 Armour
 + Level 5.0 Shields


You had 5 spell levels left.
You didn't know any spells.
Your spell library contained the following spells:

 Spells                   Type           Power      Damage    Failure   Level
 Summon Forest            Summ/Tloc      0%         N/A       100%        5
 Summon Mana Viper        Hex/Summ       0%         N/A       100%        5
 Summon Cactus Giant      Summ           0%         N/A       100%        6


Dungeon Overview and Level Annotations

Branches:
Dungeon (5/15)             Temple (1/1) D:4

Altars:
Cheibriados
Dithmenos
Fedhas
Gozag
Hepliaklqana
Kikubaaqudgha
Nemelex Xobeh
Okawaru
Qazlal
Ru
Sif Muna
Trog
Uskayaw
Vehumet
Wu Jian
Xom
Yredelemnul
Zin
The Shining One

Shops:
D:3 ?(:*


Message History

The shadow demon hits you!
The shadow demon gestures.
The shadow slips into darkness.
The shadow flickers and vanishes!
Deactivating autopickup; reactivate with Ctrl-A.
The shadow slips into darkness.
The shadow flickers and vanishes!
The orc wizard shouts!
There are monsters nearby!
There are monsters nearby!
There are monsters nearby!
There are monsters nearby!
There are monsters nearby!
The shadow demon gestures.
The shadow strikes at you from the darkness!
Reactivating autopickup.
The shadow slips into darkness.
The shadow flickers and vanishes!
Deactivating autopickup; reactivate with Ctrl-A.
The shadow demon gestures.
The shadow strikes at you from the darkness!
Reactivating autopickup.
The shadow slips into darkness.
The shadow flickers and vanishes!
Deactivating autopickup; reactivate with Ctrl-A.
The shadow demon gestures.
You open the door.
The kobold dissolves into shadows!
The quokka twitches its whiskers.
The shadow strikes at you from the darkness!
* * * LOW HITPOINT WARNING * * *
Reactivating autopickup.
The orc wizard casts a spell.
The orc wizard flickers and vanishes!
Deactivating autopickup; reactivate with Ctrl-A.
There is an open door here.
The shadow slips into darkness.
The shadow flickers and vanishes!
There is a stone staircase leading up here.
The shadow strikes at you from the darkness!
You die...
Your body crumbles into a pile of gold.

.##....##.....#........'...#
.......##....##........#...# #
.......##....##........#...# #
.............##....##.##..## #
.............##....##.##..#######
....{r..2o...#.....+.....)......'
....h....o...'.....#............#
.##....####'##########....##..###
.##....##....##.@..###....##..###
..#....#.......................#.
##.....##......................#.
###.#####......................#.
#.##................########.).#.
...#...########.....##....##...#.
>...#..##....##...........##..##.
........#.................##..##.
.####...'...........##....##...'.


There were no monsters in sight!

Vanquished Creatures
  An ogre (D:4)
  A centaur (D:5)
  A bullfrog skeleton (D:5)
  An orc wizard (D:4)
  Robin (D:4)
  4 adders (D:2)
  4 gnolls (D:3)
  4 dart slugs
  6 orcs
  6 endoplasms
  2 giant cockroaches (D:1)
  12 goblins
  12 hobgoblins
  2 jackals (D:2)
  5 quokkas
  7 ball pythons
  9 bats
  7 frilled lizards
  7 kobolds
  9 rats
101 creatures vanquished.

Notes
Turn   | Place    | Note
-------+----------+-------------------------------------------
     0 | D:1      | KoroneIsBestGirl the Hill Orc Fighter began the quest for
                  | the Orb.
     0 | D:1      | Reached XP level 1. HP: 19/19 MP: 1/1
   111 | D:1      | Reached XP level 2. HP: 26/27 MP: 2/2
   296 | D:1      | Found a faded altar of an unknown god.
   307 | D:1      | Prayed at the altar of an unknown god.
   307 | D:1      | Became a worshipper of Dithmenos the Shadowed
   307 | D:1      | Reached * piety under Dithmenos
   464 | D:1      | Reached XP level 3. HP: 27/33 MP: 3/3
  1000 | D:2      | Reached ** piety under Dithmenos
  1146 | D:2      | Reached XP level 4. HP: 37/40 MP: 4/4
  1835 | D:3      | Found Usur's Book Emporium.
  1936 | D:3      | Found Novus's Magic Scroll Emporium.
  1980 | D:3      | Found Huucere's Weapon Shoppe.
  2172 | D:3      | Reached XP level 5. HP: 45/47 MP: 5/5
  2179 | D:3      | Found Eqoarchi's Assorted Antiques.
  2190 | D:3      | Bought a scroll labelled JIMUOP NYNI for 27 gold pieces
  2262 | D:3      | Reached *** piety under Dithmenos
  2267 | D:2      | HP: 2/47 [poisoned by a gnoll]
  2778 | D:4      | Found a snail-covered altar of Cheibriados.
  2795 | D:4      | Noticed Robin
  2804 | D:4      | Killed Robin
  2860 | D:4      | Found a staircase to the Ecumenical Temple.
  2882 | Temple   | Entered the Ecumenical Temple
  2982 | Temple   | Fell from the grace of Dithmenos
  2982 | Temple   | Became a worshipper of Gozag Ym Sagoz the Greedy
  3201 | D:4      | Noticed an ogre
  3211 | D:4      | Killed an ogre
  3212 | D:4      | Reached skill level 5 in Fighting
  3212 | D:4      | Reached XP level 6. HP: 14/56 MP: 6/6
  4032 | D:5      | Entered Level 5 of the Dungeon
  4070 | D:5      | Reached skill level 5 in Axes
  4070 | D:5      | Reached skill level 5 in Shields
  4311 | D:5      | Noticed a troll
  4311 | D:5      | Noticed a komodo dragon
  4337 | D:4      | Noticed a shadow demon
  4337 | D:4      | Noticed a shadow
  4337 | D:4      | Noticed a shadow demon
  4337 | D:4      | Noticed a shadow
  4367 | D:4      | Mangled by a shadow

Illustrated notes

Levels and vault maps discovered:
D:1:      kilobyte_arrival_exit_the_forest, layout_basic,
          shapermc_ecumenical_altar_starsandcircs, minmay_hexomino_u4
D:2:      layout_basic, minmay_tripent
D:3:      layout_basic, serial_shops, shop, shop,
          nicolae_shop_temple_entry_statues_fountains, shop, serial_glass,
          glass_columns_c, glass_columns_a, minmay_strange_pillars
D:4:      layout_gridville, cheibriados_altar_1, minmay_temple_entry_wispy,
          uniq_robin
D:5:      layout_basic, grunt_ministairs_2, nzn_random_ring, uniq_duvessa
Temple:   regret_index_temple_mists

Skill      XL: |  1  2  3  4  5  6 |
---------------+-------------------+-----
Axes           | 3 4 5 |  5.1
Fighting       | 4 5 |  5.5
Shields        | 4 5 |  5.0
Armour         | 4 |  4.9

Action                   |  1- 3 |  4- 6 || total
-------------------------+-------+-------++-------
Melee: War axe           |   100 |   154 ||   254
  Use: Scroll            |     2 |     3 ||     5
       Potion            |       |     3 ||     3
Armor: Scale mail        |    70 |    89 ||   159
Dodge: Dodged            |    82 |   100 ||   182
Block: Buckler           |    21 |    33 ||    54

Table legend: (Time is in decaauts)
 A = Elapsed time spent in this place.
 B = Non-inter-level travel time spent in this place.
 C = Inter-level travel time spent in this place.
 D = Time resting spent in this place.
 E = Time spent auto-exploring this place.
 F = Levels seen in this place.
 G = Mean time per level.
                   A        B        C        D        E       F      G
               +--------+--------+--------+--------+--------+-----+--------+
         Total |   4490 |   4301 |    189 |    463 |   3159 |   6 |  748.3 |
       Dungeon |   4330 |   4172 |    158 |    463 |   3051 |   5 |  866.0 |
        Temple |    159 |    128 |     31 |      0 |    108 |   1 |  159.0 |
               +--------+--------+--------+--------+--------+-----+--------+

Top non-repeatable levels by time:
     D:4: 1226 daAuts
     D:2: 1118 daAuts
     D:1: 938 daAuts
     D:3: 764 daAuts
     D:5: 283 daAuts
  Temple: 159 daAuts
